 Dungeon Crawl Stone Soup version 0.26-a0-812-g31a745ddcd (webtiles) character file.

Game seed: 659668448306191539

151 Descartes the Covert (level 5, -4/24 HPs)
             Began as a Felid Delver on Nov 14, 2020.
             Slain by a goblin
             ... wielding a +0 club
             ... led by Robin
              (5 damage)
             ... on level 3 of the Dungeon.
             The game lasted 00:06:37 (3765 turns).

Descartes the Covert (Felid Delver)                 Turns: 3765, Time: 00:06:38

Health: -4/24      AC:  1    Str:  8    XL:     5   Next: 10%
Magic:  6/6        EV: 19    Int: 12    God:
Gold:   228        SH:  0    Dex: 18    Spells: 4/4 levels left
                                        Lives:  0   Deaths: 1

rFire    + . .     SeeInvis +     - Unarmed
rCold    x . .     Faith    .   (shield unavailable)
rNeg     . . .     Spirit   .   (armour unavailable)
rPois    .         Reflect  .   (helmet unavailable)
rElec    .         Harm     .   (cloak unavailable)
rCorr    .         Rampage  .   (gloves unavailable)
MR       .....                  (boots unavailable)
Stlth    +++++.....             (no amulet)
HPRegen  0.08/turn              j - ring of fire
MPRegen  0.10/turn              (no ring)

@: lethally poisoned (-4 -> -6), quick
A: very small, no armour, no weapons or thrown items, stealth, claws 1, fangs 3,
see invisible, speed 1, shaggy fur 1, sharp paws
a: no special abilities


You were on level 3 of the Dungeon.
You visited 1 branch of the dungeon, and saw 5 of its levels.

You collected 228 gold pieces.

Inventory:

Jewellery
 j - a ring of fire (left paw)
Wands
 e - a wand of digging (3)
 l - a wand of paralysis (9)
Scrolls
 a - a scroll of fog
 b - 2 scrolls of magic mapping
 c - a scroll of fear
 f - a scroll of noise {unknown}
 h - a scroll of teleportation {unknown}
 i - 4 scrolls of enchant weapon {unknown}
 k - 2 scrolls of amnesia {unknown}
 m - 2 scrolls of remove curse {unknown}
Potions
 d - 2 potions of haste
 g - a potion of berserk rage {unknown}
 n - a potion of attraction {unknown}
 o - a potion of degeneration {unknown}
 p - a potion of curing {unknown}
 q - a potion of invisibility {unknown}
 r - 2 potions of lignification {unknown}


   Skills:
 - Level 3.0 Fighting
 + Level 3.2 Dodging
 + Level 9.8 Stealth
 + Level 2.3 Unarmed Combat


You had 4 spell levels left.
You didn't know any spells.
Your spell library was empty.

Dungeon Overview and Level Annotations

Branches:
Dungeon (5/15)
 Temple: D:4-7

Altars:
Cheibriados
Gozag
Hepliaklqana
Nemelex Xobeh
Uskayaw

Annotations:
D:3 Robin
D:4 1 runed translucent door, kuniqs's ghost, novice OpTm
D:5 Edmund, Menkaure


Innate Abilities, Weirdness & Mutations

You cannot wear armour.
You are incapable of wielding weapons or throwing items.
Your paws allow you to move quietly. (Stealth)
You have sharp claws.
You have razor-sharp teeth.
You have supernaturally acute eyesight. (SInv)
You cover ground quickly.
You are covered in fur. (AC +1)
Your sharp claws are effective at attacking unaware monsters.


Message History

You hear an angry hiss.
Robin says, "My army is invincible!"
Robin throws the goblin at you! The goblin barely misses you.
You scratch the goblin.
The goblin is moderately wounded.
The adder misses you. The goblin closely misses you.
You closely miss the goblin.
The goblin is moderately wounded.
The adder bites you. The goblin hits you with a +0 club.
* * * LOW HITPOINT WARNING * * *
You closely miss the goblin.
The goblin is moderately wounded.
You feel sick. The adder bites you.
* * * LOW HITPOINT WARNING * * *
The goblin barely misses you. The adder bites you.
* * * LOW HITPOINT WARNING * * *
You scratch the goblin but do no damage.
The goblin is moderately wounded.
The adder closely misses you. The goblin hits you with a +0 club.
You die...

###############
###.....ggggS@g.#
#......g#######.#
.###.###.# #)# ..
g# #)# #. .# #†#
# g# #.# gg #.#
g. #)# .. #.#


You could see Robin, an adder, a hobgoblin (strong) and 4 goblins.

Vanquished Creatures
  A bullfrog skeleton (D:4)
  Terence (D:3)
  A worker ant (D:5)
  An ufetubus (D:3)
  2 oozes
  3 worms
  3 dart slugs
  4 leopard geckos
  5 orcs
  8 bats
  5 giant cockroaches
  11 goblins
  9 hobgoblins
  8 jackals
  A ball python (D:2)
  A frilled lizard (D:2)
  5 kobolds
  7 rats
76 creatures vanquished.

Notes
Turn   | Place    | Note
-------+----------+-------------------------------------------
     0 | D:5      | Descartes the Felid Delver began the quest for the Orb.
     0 | D:5      | Reached XP level 1. HP: 10/10 MP: 2/2
    32 | D:5      | Reached skill level 7 in Stealth
   230 | D:5      | Noticed Edmund
   233 | D:5      | Noticed Menkaure
   233 | D:5      | Noticed a worker ant
   235 | D:5      | Killed a worker ant
   235 | D:5      | Reached skill level 8 in Stealth
   235 | D:5      | Reached XP level 2. HP: 14/14 MP: 3/3
   235 | D:5      | Reached XP level 3. HP: 17/17 MP: 4/4
   559 | D:5      | Found an opulent altar of Gozag.
   559 | D:5      | Found a sparkling altar of Nemelex Xobeh.
   837 | D:5      | Reached XP level 4. HP: 17/21 MP: 5/5
  1004 | D:4      | Killed from afar by an orc priest
  1005 | D:4      | Reached XP level 3. HP: -6/17 MP: 4/4
  1020 | D:4      | Found a runed translucent door.
  1021 | D:4      | Noticed kuniqs's ghost (novice OpTm)
  1392 | D:3      | Reached skill level 9 in Stealth
  1665 | D:3      | Noticed Terence
  1672 | D:3      | Killed Terence
  1672 | D:3      | Reached XP level 4. HP: 21/21 MP: 5/5
  3225 | D:1      | Reached XP level 5. HP: 16/24 MP: 6/6
  3546 | D:3      | Found a snail-covered altar of Cheibriados.
  3549 | D:3      | Found a hazy altar of Hepliaklqana.
  3551 | D:3      | Found a hide-covered altar of Uskayaw.
  3652 | D:3      | Noticed Robin
  3764 | D:3      | HP: 1/24 [adder (2)]
  3765 | D:3      | Slain by a goblin

Illustrated notes

Levels and vault maps discovered:
D:1:      minmay_arrival_wavy_path, layout_loops_ring
D:2:      layout_loops_ring
D:3:      layout_loops_ring, grunt_temple_overflow_open, minmay_checkerbox,
          uniq_terence, uniq_robin
D:4:      layout_rooms, gammafunk_ghost_grave
D:5:      layout_basic, grunt_temple_overflow_opulence,
          nicolae_overflow_crystal_walls, serial_shops, nicolae_shop_stone,
          corexii_item_surrounded_by_moat, uniq_menkaure, uniq_eustachio,
          uniq_edmund, uniq_grinder

Skill      XL: |  1  2  3  4 |
---------------+-------------+-----
Stealth        | 8 9 |  9.8
Dodging        | 3 |  3.2
Fighting       | |  3.0
Unarmed Combat | |  2.3

Action                   |  1- 3 |  4- 6 || total
-------------------------+-------+-------++-------
Melee: Unarmed           |    78 |   139 ||   217
       Bite              |    10 |    12 ||    22
 Stab: Sleeping          |     4 |    23 ||    27
Armor: Skin              |       |     9 ||     9
Dodge: Dodged            |    52 |   103 ||   155

Table legend: (Time is in decaauts)
 A = Elapsed time spent in this place.
 B = Non-inter-level travel time spent in this place.
 C = Inter-level travel time spent in this place.
 D = Time resting spent in this place.
 E = Time spent auto-exploring this place.
 F = Levels seen in this place.
 G = Mean time per level.
                   A        B        C        D        E       F      G
               +--------+--------+--------+--------+--------+-----+--------+
         Total |   3393 |   3320 |     73 |    283 |   2404 |   5 |  678.6 |
       Dungeon |   3393 |   3320 |     73 |    283 |   2404 |   5 |  678.6 |
               +--------+--------+--------+--------+--------+-----+--------+

Top non-repeatable levels by time:
     D:1: 896 daAuts
     D:5: 877 daAuts
     D:2: 619 daAuts
     D:3: 608 daAuts
     D:4: 391 daAuts
